Cogmind - Beta 14 @@@ ROGUE MODE // 2024.11.04 @ 18:09:54 Player: OctagonalPrism Result: Destroyed by as-65716 with Assembled Blade Performance ------------- Evolutions (0) 0 Regions Visited (4) 800 Robots Destroyed (27) 135 Value Destroyed (569) 569 Prototype IDs (28) 560 Alien Tech Used (0) 0 Bonus (300) 300 TOTAL SCORE: 2364 Bonus ------- Aligned with FarCom 300 Cogmind --------- Core Integrity 0/250 Matter 233/300 Energy 250/250 System Corruption 1% Temperature Cool (0) Movement Treading (240) Ox1 Location -9/Mines Parts ------- > --- POWER (1) -------- Ion Engine > --- PROPULSION (2) --- Light Treads Wheel > --- UTILITY (2) ------ Improved Heat Sink Large Storage Unit > --- WEAPON (2) ------- Assault Rifle > --- INVENTORY (15) --- Light Ion Engine Large Matter Pod (150) Improved Terrain Scanner Targeting Computer Tractor Beam Small Laser Firepult Assault Rifle Peak State ------------ > --- POWER ------------ Ion Engine > --- PROPULSION ------- Light Treads Wheel > --- UTILITY ---------- Large Storage Unit Improved Terrain Scanner > --- WEAPON ----------- Medium Laser Assault Rifle > --- INVENTORY -------- Light Ion Engine Wheel Improved Heat Sink Large Matter Pod Targeting Computer Tractor Beam Small Laser Firepult Assault Rifle Grenade Launcher [Rating: 12] Favorites ----------- Power Ion Engine Engine Ion Engine Propulsion Light Treads Treads Light Treads Wheel Wheel Utility Large Storage Unit Device Improved Terrain Scanner Storage Large Storage Unit Weapon Light Assault Rifle Energy Gun Small Laser Ballistic Gun Light Assault Rifle Launcher Grenade Launcher Build | -11 -10 -10 -10 -9 ------- Run | Yrd Mat Min Exi Min Slots Evolved . | . . . . . Power . | . . . . . Propulsion . | . . . . . Utility . | . . . . . Weapon . | . . . . . Parts Attached 32 | 6 14 3 . 9 Power 3 | 1 2 . . . Engine 3 | 1 2 . . . Core . | . . . . . Reactor . | . . . . . Propulsion 6 | 2 2 1 . 1 Treads 3 | 1 1 1 . . Leg . | . . . . . Wheel 3 | 1 1 . . 1 Hover . | . . . . . Flight . | . . . . . Utility 8 | 1 4 2 . 1 Device 6 | . 3 2 . 1 Storage 2 | 1 1 . . . Processor . | . . . . . Hackware . | . . . . . Protection . | . . . . . Artifact . | . . . . . Weapon 15 | 2 6 . . 7 Energy Gun 6 | 1 3 . . 2 Energy Cannon . | . . . . . Ballistic Gun 5 | 1 1 . . 3 Ballistic Cannon . | . . . . . Launcher 4 | . 2 . . 2 Special Weapon . | . . . . . Impact Weapon . | . . . . . Slashing Weapon . | . . . . . Piercing Weapon . | . . . . . Special Melee Weapon . | . . . . . Unidentified Prototypes . | . . . . . Parts Lost 5 | . 1 1 . 3 Power 1 | . 1 . . . Propulsion 2 | . . 1 . 1 Utility . | . . . . . Weapon 2 | . . . . 2 Highest Loss Streak 1 | . 1 1 . 1 To Critical Strikes . | . . . . . Average Slot Usage (%) 94 | . 98 100 72 94 Engine 13 | . 13 14 14 14 Treads 14 | . 14 14 14 14 Wheel 13 | . 14 14 14 12 Device 13 | . 13 14 14 14 Storage 14 | . 14 14 14 14 Energy Gun 10 | . 12 14 . 7 Ballistic Gun 12 | . 14 14 . 15 Peak Build Rating 12 | 6 10 10 10 12 Average Rating 9 | 4 9 9 9 11 On Entrance 7 | . 6 10 10 10 Naked Turns . | . . . . . Heaviest Build 30 | 12 30 30 30 30 Greatest Support 20 | 20 20 20 10 20 Greatest Overweight (x) 2 | 1 2 2 2 2 Average Overweight (x) 1 | . 1 1 2 1 Largest Inventory Capacity 15 | 8 15 15 15 15 Average Capacity 13 | 7 13 15 15 15 Most Carried 14 | 6 10 10 14 12 Average Carried 9 | 3 8 9 11 9 Final Capacity 15 | 8 15 15 15 15 Final Carried 13 | 6 10 9 13 9 Class Distribution -------------------- 93% | Mutant 6% | Skirmisher Dominant Class ---------------- Mutant | -10/Materials Mutant | -10/Mines Mutant | -10/Exiles Mutant | -9/Mines Resources | -11 -10 -10 -10 -9 ----------- Run | Yrd Mat Min Exi Min Matter Collected 923 | 267 285 86 184 101 Remotely . | . . . . . Salvage Created 683 | 131 449 25 . 78 Parts 50 | 10 27 2 . 11 Haulers Intercepted 1 | . 1 . . . Recyclers Shooed 1 | . 1 . . . Parts Field Recycled . | . . . . . Retrieved Matter . | . . . . . Parts Self-Destructed . | . . . . . Prevented . | . . . . . Kills | -11 -10 -10 -10 -9 ------- Run | Yrd Mat Min Exi Min Combat Hostiles Destroyed 21 | . 11 2 . 8 Guns 10 | . 5 2 . 3 AOE 11 | . 6 . . 5 Classes Destroyed 8 | 2 4 1 . 1 Worker 2 | . 1 . . 1 Tunneler 2 | 2 . . . . Hauler 1 | . 1 . . . Recycler 2 | 1 1 . . . Watcher 2 | . 2 . . . Swarmer 6 | . . 2 . 4 Grunt 12 | . 11 . . 1 Assembled 3 | . . . . 3 Best Kill Streak 4 | 3 4 2 . 4 Combat Bots Only 4 | . 4 2 . 4 Max Kills in Single Turn 3 | 1 2 1 . 3 Gunslinging . | . . . . . Exploded 3 | . 2 . . 3 Melee . | . . . . . Uniques/NPCs Destroyed . | . . . . . Combat | -11 -10 -10 -10 -9 -------- Run | Yrd Mat Min Exi Min Hostile Shots Fired 140 | . 65 26 . 49 Missed 32 | . 18 4 . 10 Damage Taken 1234 | . 600 179 . 455 Core 251 | . 130 31 . 90 Absorbed by Shields . | . . . . . Regen/Repaired (Parts) 21 | . 21 . . . Core Remaining (%) 100 | 100 . . . . Volleys Fired 93 | 7 60 6 . 20 Largest 2 | 2 2 2 . 2 Hottest 70 | 60 60 70 . 70 Shots Fired 163 | 14 102 12 . 35 Gun 147 | 14 89 12 . 32 Cannon . | . . . . . Launcher 16 | . 13 . . 3 Special . | . . . . . Kinetic 81 | 7 47 6 . 21 Thermal 66 | 7 42 6 . 11 Explosive 16 | . 13 . . 3 Electromagnetic . | . . . . . Robot Hit Streak 20 | 4 20 4 . 8 Robot Miss Streak 5 | 1 5 3 . 4 Penetration Max . | . . . . . Secondary Targets 1 | . . 1 . . Max Gunslinging Chain 1 | . . 1 . . Shots Hit Robots 94 | 10 57 7 . 20 Core Hits 59 | 5 40 2 . 12 Critical Kills . | . . . . . Critical Parts Destroyed . | . . . . . Critical Strikes . | . . . . . Melee Attacks . | . . . . . Impact . | . . . . . Slashing . | . . . . . Piercing . | . . . . . Sneak Attacks . | . . . . . Combat Hostiles . | . . . . . Follow-up Attacks . | . . . . . Damage Inflicted 1856 | 87 1235 84 . 450 Guns 918 | 87 494 84 . 253 Cannons . | . . . . . Explosions 938 | . 741 . . 197 Melee . | . . . . . Ramming . | . . . . . Kinetic 480 | 43 201 58 . 178 Thermal 438 | 44 293 26 . 75 Explosive 938 | . 741 . . 197 Electromagnetic . | . . . . . Impact . | . . . . . Slashing . | . . . . . Piercing . | . . . . . Highest Corruption 1 | . 1 1 1 1 Average Corruption 1 | . 1 1 1 1 Corruption Purged . | . . . . . Corruption Blocked . | . . . . . Effects 8 | . . 3 2 3 Message Errors 1 | . . 1 . . Matter Fused 1 | . . . 1 . Heat Flow Errors 1 | . . . . 1 Energy Discharges 1 | . . 1 . . Parts Rejected 2 | . . 1 . 1 Data Loss (minor) 1 | . . . 1 . Data Loss (major) 1 | . . . . 1 Overload Shots . | . . . . . Overflow Damage 13 | . 10 . . 3 Projectiles . | . . . . . Explosions 13 | . 10 . . 3 Melee . | . . . . . Knockbacks . | . . . . . Impact . | . . . . . Kinetic . | . . . . . Secondary . | . . . . . Self-Inflicted Damage 32 | . 13 . . 19 Shots 2 | . 1 . . 1 Rammed . | . . . . . Targets Rammed . | . . . . . Kicked . | . . . . . Crushed . | . . . . . Highest Temperature 122 | 40 121 6 . 122 Average Temperature 28 | 18 29 4 . 29 Received Heat Transfer 387 | . 333 . . 54 Siege Activations . | . . . . . Robots Corrupted . | . . . . . Combat Hostiles . | . . . . . Parts Fried . | . . . . . Impact Corruptions . | . . . . . Robots Melted . | . . . . . Combat Hostiles . | . . . . . Parts Melted 2 | . 1 . . 1 Heat Transferred 1071 | 100 675 74 . 222 Parts Sabotaged . | . . . . . Parts Stolen . | . . . . . Parts Stripped . | . . . . . Power Chain Reactions . | . . . . . Alert | -11 -10 -10 -10 -9 ------- Run | Yrd Mat Min Exi Min Peak Influence 287 | 15 287 71 . 125 Initial 31 | . 9 31 . . Average 104 | 4 121 67 . 99 Maximum Alert Level 1 | . 1 . . . Low Security (%) 97 | 100 96 100 . 100 Level 1 2 | . 3 . . . Level 2 . | . . . . . Level 3 . | . . . . . Level 4 . | . . . . . Level 5 . | . . . . . High Security . | . . . . . Max Security . | . . . . . Squads Dispatched 2 | . 1 . . 1 Investigation 2 | . 1 . . 1 Extermination . | . . . . . Reinforcement . | . . . . . Assault . | . . . . . Garrison . | . . . . . Intercept . | . . . . . Searches Triggered . | . . . . . Construction Impeded . | . . . . . Haulers Reinforced . | . . . . . Active Scanning Responses . | . . . . . Cargo Convoy Interrupts . | . . . . . Stealth | -11 -10 -10 -10 -9 --------- Run | Yrd Mat Min Exi Min Distress Signals 1 | . 1 . . . Communications Jammed . | . . . . . Distress Signals . | . . . . . Times Spotted 31 | . 19 3 . 9 Peak Tracking Total 4 | . 3 3 . 4 Tactical Retreats . | . . . . . Traps | -11 -10 -10 -10 -9 ------- Run | Yrd Mat Min Exi Min Traps Triggered 2 | . 2 . . . Indirectly . | . . . . . Trap Hack Attempts . | . . . . . Triggered . | . . . . . Disarmed 1 | . 1 . . . Reprogrammed . | . . . . . Reused . | . . . . . Traps Extracted . | . . . . . Installed . | . . . . . Triggered . | . . . . . Machines | -11 -10 -10 -10 -9 ---------- Run | Yrd Mat Min Exi Min Machines Disabled . | . . . . . Max in Single Turn . | . . . . . Machines Repaired . | . . . . . Machines Dismantled . | . . . . . Machines Sabotaged . | . . . . . Overloaded Fab Kills . | . . . . . Hacking | -11 -10 -10 -10 -9 --------- Run | Yrd Mat Min Exi Min Machines Accessed 13 | . 10 . 2 1 Terminals 9 | . 8 . . 1 Fabricators . | . . . . . Repair Stations 1 | . 1 . . . Recycling Units 1 | . 1 . . . Scanalyzers . | . . . . . Garrison Access . | . . . . . Total Hacks 50 | . 41 . 5 4 Successful 29 | . 24 . 5 . Failed 21 | . 17 . . 4 Catastrophic . | . . . . . Database Lockouts . | . . . . . Manual 19 | . 18 . 1 . Terminals 38 | . 34 . . 4 Fabricators . | . . . . . Repair Stations 3 | . 3 . . . Recycling Units 4 | . 4 . . . Scanalyzers . | . . . . . Garrison Access . | . . . . . Terminal Hacks 19 | . 14 . 5 . Record 4 | . . . 4 . Robot Analysis 1 | . 1 . . . Prototype ID Bank 3 | . 3 . . . Alert Level 1 | . 1 . . . Locate Traps 3 | . 3 . . . Disarm Traps 1 | . 1 . . . Dispatch Records 1 | . 1 . . . Zone Layout 4 | . 4 . . . Derelict Proto ID Bank 1 | . . . 1 . Fabricator Hacks . | . . . . . Repair Station Hacks 2 | . 2 . . . Scan Component 1 | . 1 . . . Repair 1 | . 1 . . . Recycling Unit Hacks 2 | . 2 . . . Report Inventory 1 | . 1 . . . Retrieve Components 1 | . 1 . . . Scanalyzer . | . . . . . Garrison Access Hacks . | . . . . . Unauthorized Hacks 6 | . 6 . . . Terminals 4 | . 4 . . . Botnet 3 | . 3 . . . Operators 1 | . 1 . . . Fabricators . | . . . . . Repair Stations . | . . . . . Recycling Units 2 | . 2 . . . Reject 1 | . 1 . . . Recyclers 1 | . 1 . . . Scanalyzers . | . . . . . Garrison Access . | . . . . . Data Cores Recovered . | . . . . . Used . | . . . . . Hacking Detections 10 | . 9 . . 1 Full Trace Events 4 | . 3 . . 1 Feedback Events . | . . . . . Feedback Blocked . | . . . . . Robot Schematics Acquired . | . . . . . Robots Built . | . . . . . Authchips . | . . . . . Time . | . . . . . Total Robot Build Rating . | . . . . . Part Schematics Acquired . | . . . . . Parts Built . | . . . . . Authchips . | . . . . . Time . | . . . . . Total Part Build Rating . | . . . . . Parts Repaired 1 | . 1 . . . Time 38 | . 38 . . . Parts Recycled . | . . . . . Recycled Matter . | . . . . . Retrieved Matter . | . . . . . Retrieved Components 10 | . 10 . . . Parts Scanalyzed . | . . . . . Part Schematics Acquired . | . . . . . Parts Damaged . | . . . . . Bothacking | -11 -10 -10 -10 -9 ------------ Run | Yrd Mat Min Exi Min Used RIF Installer . | . . . . . Robots Hacked . | . . . . . Non-combat . | . . . . . Combat . | . . . . . Robot Hacks Applied . | . . . . . Relay Couplers Released . | . . . . . Fabnet Peak Effective % . | . . . . . Robots Rewired . | . . . . . Allies Hacked . | . . . . . Hacks Repelled . | . . . . . Allies | -11 -10 -10 -10 -9 -------- Run | Yrd Mat Min Exi Min Total Allies . | . . . . . Largest Group . | . . . . . Highest-Rated Group . | . . . . . Highest-Rated Ally . | . . . . . Total Orders . | . . . . . Ally Attacks . | . . . . . Total Damage . | . . . . . Kills . | . . . . . Allies Corrupted . | . . . . . Allies Melted . | . . . . . Intel | -11 -10 -10 -10 -9 ------- Run | Yrd Mat Min Exi Min Robot Analysis Total 1 | . 1 . . . Derelict Logs Recovered . | . . . . . Drone Launches . | . . . . . Drone Recoveries . | . . . . . Exploration | -11 -10 -10 -10 -9 ------------- Run | Yrd Mat Min Exi Min Turns Passed 1863 | 83 1049 209 259 263 Spaces Moved 1148 | 53 602 106 233 154 Core 1 | 1 . . . . Treads 193 | 3 126 55 . 9 Legs . | . . . . . Wheels 954 | 49 476 51 233 145 Hover . | . . . . . Flight . | . . . . . Fastest Speed 50 | 50 95 110 110 110 Average Speed 128 | 92 132 177 110 117 Slowest Speed 240 | 160 240 240 110 240 Overloaded Moves . | . . . . . Propulsion Burnouts . | . . . . . Robots Hopped . | . . . . . Cave-ins Triggered . | . . . . . Exploration Rate (%) 46 | 5 98 19 61 51 Regions Visited 4 Branch Regions 3 Pre-discovered Areas 1 | . . . 1 . Known Exits Taken . | . . . . . Unknown Exits Taken 4 | 1 1 1 1 . Scrap Searched 1 | . . 1 . . Spaces Dug 11 | . 3 . . 8 Terrain Destroyed 94 | . 71 . . 23 Melee . | . . . . . Projectile . | . . . . . AOE 94 | . 71 . . 23 Terrain Rammed . | . . . . . Walls Destroyed . | . . . . . Machines Disabled . | . . . . . Actions | -11 -10 -10 -10 -9 --------- Run | Yrd Mat Min Exi Min Total 1378 | 71 757 114 237 199 Wait 83 | . 67 . . 16 Move 1144 | 52 601 105 232 154 Hop . | . . . . . Pick Up 15 | 6 7 . 2 . Fast Attach 9 | 6 1 1 . 1 Attach 8 | . 3 1 . 4 Detach 3 | . 1 . 2 . Swap 15 | . 10 1 . 4 Drop 8 | . 7 . 1 . Fire 93 | 7 60 6 . 20 Melee . | . . . . . Ram . | . . . . . Kick . | . . . . . Crush . | . . . . . Escape Stasis . | . . . . . Rewire . | . . . . . Trap . | . . . . . Miscellaneous . | . . . . . Route ------- -11/Scrapyard -10/Materials (discovered 4 exits: [*Mat x3] / [*Min]) -10/Mines -10/Exiles -9/Mines (discovered 1 exit: [*Mat]) History --------- Turn | Location | Event 11 | -11/Scrapyard | Discovered new exit (range 15) 84 | -11/Scrapyard | Entered Materials 170 | -10/Materials | Discovered new exit (range 7) 307 | -10/Materials | Build established: Mutant 446 | -10/Materials | Discovered new exit (range 16) 545 | -10/Materials | Repaired Imp. Terrain Scanner 677 | -10/Materials | Discovered new exit (range 16) 800 | -10/Materials | Core integrity fell below 50% 875 | -10/Materials | Discovered new exit (range 15) 1133 | -10/Materials | Entered Mines 1287 | -10/Mines | Deemed a non-threat by the Exiles lab entrance 1287 | -10/Mines | Discovered new exit (range 5) 1342 | -10/Mines | Entered Exiles 1370 | -10/Exiles | Met 8R-AWN 1390 | -10/Exiles | Met EX-HEX 1419 | -10/Exiles | Met EX-BIN 1433 | -10/Exiles | Aligned with FarCom system 1434 | -10/Exiles | Given EX-Vault access code 1459 | -10/Exiles | Opened EX-Vault 1468 | -10/Exiles | Found Firepult 1492 | -10/Exiles | Warned to stay clear of 0b10 Research branches 1505 | -10/Exiles | Exiles lab attacked by MAIN.C 1537 | -10/Exiles | Learned location of Zion (-7) 1591 | -10/Exiles | Discovered new exit (range 11) 1601 | -10/Exiles | Left Exiles lab with Firepult 1601 | -10/Exiles | Entered Mines 1760 | -9/Mines | Assembled infested the area 1853 | -9/Mines | Core integrity fell below 20% 1863 | -9/Mines | Discovered new exit (range 14) 1864 | -9/Mines | Destroyed by as-65716 with Assembled Blade Last Messages --------------- 01760_ ALERT: Infestation in the mines, dispatching Demolisher response squad. 01774_ K-01 Serf destroyed. 01776_ Acquired 13 matter. 01777_ Extracted 66 matter. 01832_ as-96857 destroyed. 01835_ The unstable cave ceiling collapses. 01840_ System corrupted: Heat flow error (+156). 01843_ The unstable cave ceiling collapses. 01847_ U-05 Engineer lays Concrete. 01849_ U-05 Engineer builds a Wall. 01854_ U-05 Engineer lays Concrete. 01856_ U-05 Engineer builds a Wall. 01858_ The unstable cave ceiling collapses. 01860_ as-61011 destroyed. 01861_ U-05 Engineer lays Concrete. 01863_ U-05 Engineer builds a Wall. 01863_ as-59091 destroyed. 01863_ EXIT=FOUND 01864_ Grenade Launcher destroyed. Map ----- +----------------------------------------------------+ | ???????????????????????????????????????????? | | ??????????????????????????????????????????#? | | ???????????????????????????????????????????? | | ????????????????????????????????#??????????? | | ???????????????????????????????????????????? | | ??????????????????????????????#????????##### | | ????????????????????????????????????#??## # | | ???????????????????????????????????????# | | ?????????????????????????????????#?#??## | | ??????????????????????????????##????### | | ?????????????????????????????######## | | ??????????????????????????? # | | ??????????????????????????????###### # | | ????????????????????????????????#??# # | | ??????????????????????????#????????# # | | ????????????????????????? ##???????# # | | ????????????????????????? ##??????## ## | | ??????????????????####??? ##??????### #? | | ?????????????????## #### !###??????### #? | | ?????????????????# *%=%?????????# #? | | ????????##??????## !%[#??????????# #? | | ???????## ???# " %=###????????# #? | | ???????# ### # = #??????### #? | | ???????# ## #%u ?#?# ### #? | | ??????# != =% a % ## ?# ???# =#### | | ??????#*% *! = %@ #??# ???##### #??? | | ?????#!=%= |%! #??# ???????#!#??? | | ???? <%* == # ###??# #??????# #??? | | ????? *!| ??## # # ##????# #??????# #??? | | ????? ????#?# #### ###?#?# #??????# #??? | | ?????? ?????????#????# #?#?# #??????# #??? | | ???????????????????#?### #???# #??????# #??# | | ???????????????????????# ##### ##?#???# #??? | | ??????????????????????## ### ##????# #??? | | ????????????????????### #????# #?#? | | ?????????????????????# ##???# ##?? | | ????????????#????????# ### ##### #?## | | ?????????#???????????# ##?# ## ## | | ?????????????????????## #??## | | ??????????????????????## #??## | | ???????????????????????# #???####### """ | | ???????????????????????# #?????????# """ | | ???????????????????????# #????????## """ | | ???????????????????????# #????????# | | ???????????????????????# #???????## | | ???????????????????????# ##????????## ### | | ???????????????????????#####???????????####? | | ???????????????????????????????????????????? | | ?????????????#?????????????????????????????? | | | +----------------------------------------------------+ Best States ------------- Heat Dissipation 39 Energy Generation 10 Energy Capacity 250 Matter Stores 300 Matter Capacity 300 Sight Range 16 Terrain Scan Range 16 Terrain Scan Density 10 Evasion (%) 44 Recoil Reduction 1 Item Schematics ----------------- None Robot Schematics ------------------ None Fabricated ------------ Nothing Alien Tech Used ----------------- None Achievements -------------- None Challenges ------------ None Game ------ Seed MultinovaDroneCarapace Manual? 0 Play Time 00:19:28 Cumulative 171.5 hours Start 2024.11.04 @ 17:49:24 End 2024.11.04 @ 18:09:54 Sessions 1 Manual Loads 0 Difficulty Rogue Special Mode None Game No. 139 Rogue 139 Adventurer 0 Explorer 0 Win Type - Total 4 Types 2/0/1/1/0/0/0/0/0 Lore% 62 Gallery% 65 Achievement% 51 Wizard Run 0 Options --------- Layout 2 ASCII 0 Keyboard 0 Movement Numpad Keybinds 0 Fullscreen 1 Font 16/Terminus Map View 55x47 Zoom Use 0% Tactical HUD 1 Map Filters NONE Filters NONE Steam 1 RUN: 71d39d58-6b34-42ff-b0aa-67eb26c9311b